 Dungeon Crawl Stone Soup version 0.31.0-12-g77e489cdc1 (webtiles) character file.

Game seed: 10303247088048974142

403 ChrisAssaf the Apothecary (level 6, -3/72 HPs)
             Began as a Hill Orc Alchemist on Feb 15, 2024.
             Killed from afar by an orc wizard (5 damage)
             ... with a magic dart
             ... on level 5 of the Dungeon.
             The game lasted 00:10:34 (2848 turns).

ChrisAssaf the Apothecary (Hill Orc Alchemist)      Turns: 2848, Time: 00:10:34

Health: -3/72      AC: 27    Str: 13    XL:     6   Next: 86%
Magic:  7/9        EV:  2    Int: 15    God:
Gold:   159        SH:  0    Dex: 11    Spells: 2/9 levels left

rFire   + . .        d - +1 falchion
rCold   + . .        (no shield)
rNeg    . . .        a - melded +0 robe
rPois   +            (helmet currently unavailable)
rElec   +            (cloak currently unavailable)
rCorr   +            (gloves currently unavailable)
SInv    .            (boots currently unavailable)
Will    .....        (no amulet)
Stlth   ++           c - +4 ring of protection
HPRegen 0.32/turn    (no ring)
MPRegen 0.11/turn

%: no passive effects
@: tree-form, resistant
A: stationary, stasis, torment immunity, boosted hp
a: no special abilities


You were on level 5 of the Dungeon.
You were a tree.
You visited 1 branch of the dungeon, and saw 5 of its levels.

You collected 159 gold pieces.

Inventory:

Hand Weapons
 d - a +1 falchion (weapon)
Missiles
 h - a throwing net
Armour
 a - a +0 robe (melded)
Jewellery
 c - a +4 ring of protection (left branch)
Wands
 m - a wand of roots (1)
Scrolls
 g - a scroll of fear
 k - a scroll of poison
Potions
 e - a potion of might
 i - a potion of enlightenment


   Skills:
 * Level 1.9 Fighting
 * Level 2.6 Long Blades
 * Level 1.2 Throwing
 * Level 1.6 Armour
 * Level 2.4 Dodging
 * Level 2.2 Stealth
 * Level 2.2 Spellcasting
 * Level 1.7 Conjurations
 * Level 1.1 Air Magic
 * Level 3.2 Alchemy
 * Level 1.2 Evocations


You had 2 spell levels left.
You knew the following spells:

 Your Spells              Type           Power      Damage    Failure   Level
a - Sting                 Conj/Alch      36%        1d5       8%          1
b - Mercury Vapours       Alch/Air       16%        N/A       13%         2
c - Olgreb's Toxic Radia  Alch           11%        N/A       50%         4

Your spell library contained the following spells:

 Spells                   Type           Power      Damage    Failure   Level
 Freeze                   Ice            4%         1d3       22%         1
 Mephitic Cloud           Conj/Alch/Air  7%         N/A       28%         3
 Hailstorm                Conj/Ice       4%         3d5       41%         3
 Frozen Ramparts          Ice            2%         1d1       54%         3
 Sticky Flame             Fire/Alch      6%         2d4       73%         4


Dungeon Overview and Level Annotations

Branches:
Dungeon (5/15)
 Temple: D:4-7

Altars:
Hepliaklqana
Okawaru
Zin

Shops:
D:2 (


Message History

You feel sick.
You kill the orc!
You feel sick.
You feel sick. Something hits you but does no damage.
You feel sick.
You are no longer poisoned.
Something hits you but does no damage.
You completely miss something. Something hits you but does no damage.
Something hits you.
* * * LOW HITPOINT WARNING * * *
You closely miss something. Something hits you.
* * * LOW HITPOINT WARNING * * *
Unknown command.
It was a potion of resistance.
You feel protected. Something hits you but does no damage.
You turn into a tree.
Your +0 robe melds into your body.
Your roots penetrate the ground.
Something hits you but does no damage.
You miss something. Something hits you but does no damage.
You hit something but do no damage.
An orc wizard appears from thin air!
Reactivating autopickup.
The orc wizard looks more healthy.
The orc wizard points at you and mumbles some strange words.
The puff of flame hits you but does no damage.
You hit the orc wizard but do no damage.
The orc wizard is almost dead.
The orc wizard hits you with a +0 dagger.
* * * LOW HITPOINT WARNING * * *
You hit the orc wizard but do no damage.
The orc wizard is almost dead.
The orc wizard hits you but does no damage.
The orc wizard casts a spell.
The orc wizard flickers and vanishes!
Deactivating autopickup; reactivate with Ctrl-A.
Your magical contamination has completely faded away.
You miss something.
You hear some strange, mumbled words.
A magic dart appears from out of thin air!
The magic dart hits you.
You die...

#.......#≈≈#....# ..
###...###≈≈#...## ##..
≈≈≈##...# #≈####.).#
###.....## ####..#
##.## #.{#######
##♣).....####
#))........#
#.......[..#
#..........#
#######..........#
##.....##.........#
#....^............#
#..........#.....###
##.~......####.....###


There were no monsters in sight!

Vanquished Creatures
  An ogre (D:4)
  A scorpion (D:4)
  A howler monkey (D:5)
  2 hounds
  A sleepcap (D:4)
  An iguana (D:4)
  3 adders
  3 gnolls (D:5)
  A ribbon worm (D:2)
  4 orcs
  6 ball pythons
  An endoplasm (D:4)
  A giant cockroach (D:3)
  2 goblins (D:2)
  4 hobgoblins
  4 jackals (D:2)
  5 kobolds (D:2)
  2 quokkas
  4 bats (D:2)
  2 frilled lizards
  6 rats
55 creatures vanquished.

Notes
Turn   | Place    | Note
-------+----------+-------------------------------------------
     0 | D:1      | ChrisAssaf the Hill Orc Alchemist began the quest for the
                  | Orb.
     0 | D:1      | Reached XP level 1. HP: 14/14 MP: 3/3
   145 | D:1      | You fall into a shaft and drop 1 floor!
   229 | D:2      | Reached XP level 2. HP: 16/20 MP: 1/4
   259 | D:2      | Learned a level 2 spell: Mercury Vapours
   842 | D:2      | Reached XP level 3. HP: 27/27 MP: 2/5
   999 | D:2      | Found Ukuqos's Antique Weapon Emporium.
  1068 | D:2      | Reached skill level 1 in Fighting
  1390 | D:3      | Reached XP level 4. HP: 34/35 MP: 3/6
  1510 | D:4      | Reached skill level 3 in Alchemy
  1544 | D:4      | Reached skill level 1 in Long Blades
  1571 | D:4      | Noticed a scorpion
  1582 | D:4      | Killed a scorpion
  1583 | D:4      | Reached XP level 5. HP: 12/40 MP: 2/8
  1585 | D:4      | Reached skill level 1 in Armour
  1637 | D:4      | Learned a level 4 spell: Olgreb's Toxic Radiance
  1858 | D:4      | Reached skill level 1 in Air Magic
  1889 | D:4      | Found a hazy altar of Hepliaklqana.
  1889 | D:4      | Found an iron altar of Okawaru.
  1890 | D:4      | Found a glowing silver altar of Zin.
  2314 | D:4      | Noticed an ogre
  2323 | D:4      | Killed an ogre
  2324 | D:4      | Reached skill level 1 in Throwing
  2324 | D:4      | Reached skill level 1 in Evocations
  2324 | D:4      | Reached XP level 6. HP: 8/48 MP: 7/9
  2602 | D:5      | Entered Level 5 of the Dungeon
  2841 | D:5      | HP: 2/48 [something (4)]
  2846 | D:5      | HP: 2/72 [orc wizard/+0 dagger (3)]
  2848 | D:5      | Killed from afar by an orc wizard

Illustrated notes

Levels and vault maps discovered:
D:1:      lightli_arrival_isolated_outpost, layout_basic
D:2:      layout_basic, serial_shops, shop
D:3:      layout_basic, dreamdust_mushroom_princess, uniq_natasha
D:4:      layout_basic, nicolae_overflow_hidden_temple, st_stairs_8,
          due_unseen_surprise
D:5:      layout_cave_pods, minmay_temple_entry_waves, serial_rivers,
          chequers_serial_rivers_small_b, chequers_serial_rivers_micro_c,
          chequers_serial_rivers_small_3, chequers_serial_rivers_micro_c,
          chequers_serial_rivers_small_3, serial_shops, nicolae_shop_peninsula

Skill      XL: |  1  2  3  4  5 |
---------------+----------------+-----
Fighting       | 1 |  1.9
Dodging        | 2 |  2.4
Alchemy        | 3 |  3.2
Long Blades    | 1 2 |  2.6
Spellcasting   | 2 |  2.2
Armour         | 1 |  1.6
Stealth        | 2 |  2.2
Air Magic      | 1 |  1.1
Throwing       | 1 |  1.2
Evocations     | 1 |  1.2
Conjurations   | |  1.7

Action                     |  1- 3 |  4- 6 || total
---------------------------+-------+-------++-------
  Melee: Falchion          |    71 |    71 ||   142
         Punch             |       |     1 ||     1
   Cast: Sting             |    23 |     8 ||    31
         Mercury Vapours   |    14 |     9 ||    23
         Olgreb's Toxic Ra |       |     1 ||     1
  Evoke: Wand              |       |     4 ||     4
    Use: Scroll            |     4 |     5 ||     9
         Potion            |       |     6 ||     6
   Stab: Sleeping          |     1 |     1 ||     2
 Armour: Robe              |    72 |    78 ||   150
         Skin              |       |     6 ||     6
  Dodge: Dodged            |   121 |    82 ||   203
